 Dungeon Crawl Stone Soup version 0.17-a0-1069-g92ad481 (webtiles) character file.

29582 mefis231 the Bludgeoner (level 13, -1/80 HPs)
             Began as a Gargoyle Fighter on May 17, 2015.
             Was the Champion of Makhleb.
             Slain by Snorg (20 damage)
             ... on level 6 of the Lair of Beasts.
             The game lasted 00:45:56 (14690 turns).

mefis231 the Bludgeoner (Gargoyle Fighter)         Turns: 14690, Time: 00:45:57

Health: -1/80      AC: 30    Str: 24    XL:     13   Next: 46%
Magic:  20/20      EV: 10    Int: 13    God:    Makhleb [******]
Gold:   793        SH:  0    Dex:  9    Spells: 0 memorised, 12 levels left

rFire  + . .     SeeInvis .     a - +2 dire flail (freeze)
rCold  + + .     Clarity  .     x - +8 scale mail "Cyma" {+Blink rC++ Str-2}
rNeg   + . .     SustAb   .     (no shield)
rPois  ∞         Gourm    .     (no helmet)
rElec  +         Spirit   .     n - +0 cloak
rCorr  .         Warding  .     H - +1 pair of gloves
rMut   .         Stasis   .     E - +0 pair of boots
MR     .....                    (no amulet)
Stlth  ..........               p - ring of protection from cold
                                j - ring of fire

@: mighty, not resistant to hostile enchantments, extremely unstealthy
A: negative energy resistance 1, electricity resistance, unbreathing,
petrification resistance, rot immunity, AC +9
a: Minor Destruction, Lesser Servant of Makhleb, Major Destruction, Greater
Servant of Makhleb, Renounce Religion, Evoke Blink


You were on level 6 of the Lair of Beasts.
You worshipped Makhleb.
Makhleb was exalted by your worship.
You were very hungry.

You visited 3 branches of the dungeon, and saw 16 of its levels.

You collected 793 gold pieces.

Inventory:

Hand weapons
 a - a +2 dire flail of freezing (weapon)
 b - a +2 whip of freezing
 O - a +0 flail of crushing
 T - a +1 morningstar of holy wrath
Armour
 c - a +0 shield
 n - a +0 cloak (worn)
 x - the +8 scale mail "Cyma" (worn) {+Blink rC++ Str-2}
   (You found it on level 4 of the Dungeon)

   It affects your strength (-2).
   It greatly protects you from cold.
   It lets you blink.
 E - a +0 pair of boots (worn)
 H - a +1 pair of gloves (worn)
Jewellery
 j - a ring of fire (left hand)
 l - a +3 ring of evasion
 p - a ring of protection from cold (right hand)
 V - a cursed ring of teleportation {unknown}
Magical devices
 d - a wand of lightning (5)
 e - a wand of cold (4)
 i - a wand of digging (10)
 D - a wand of disintegration (6)
 F - a wand of polymorph (9)
 G - a wand of random effects (36)
Scrolls
 f - 4 scrolls of teleportation
 g - 5 scrolls of magic mapping
 m - a scroll of enchant armour
 t - 2 scrolls of amnesia
 u - a scroll of fog
 v - a scroll of enchant weapon
 z - 5 scrolls of remove curse
 K - a scroll of blinking
 N - 5 scrolls of recharging
 P - a scroll of vulnerability
Potions
 h - 2 potions of resistance
 k - a potion of cancellation {unknown}
 o - a potion of heal wounds
 q - 6 potions of curing
 r - 2 potions of brilliance {unknown}
 w - a potion of cure mutation {unknown}
 B - 2 potions of lignification {unknown}
 I - a potion of beneficial mutation {unknown}
 J - 3 potions of agility
 L - a potion of berserk rage {unknown}
 Q - 2 potions of magic {unknown}
 R - a potion of invisibility {unknown}
Books
 s - a book of Flames

   Spells                             Type                      Level
   a - Flame Tongue                   Conjuration/Fire             1
   b - Throw Flame                    Conjuration/Fire             2
   c - Conjure Flame                  Conjuration/Fire             3
   d - Inner Flame                    Hexes/Fire                   3
   e - Sticky Flame                   Conjuration/Fire             4
   f - Fireball                       Conjuration/Fire             5
 y - a book of the Tempests

   Spells                             Type                      Level
   a - Static Discharge               Conjuration/Air              3
   b - Lightning Bolt                 Conjuration/Air              5
   c - Fireball                       Conjuration/Fire             5
   d - Tornado                        Air                          9
   e - Shatter                        Earth                        9
 A - a book of Geomancy

   Spells                             Type                      Level
   a - Sandblast                      Earth                        1
   b - Stoneskin                      Transmutation/Earth          2
   c - Passwall                       Transmutation/Earth          3
   d - Stone Arrow                    Conjuration/Earth            3
   e - Petrify                        Transmutation/Earth          4
   f - Lee's Rapid Deconstruction     Earth                        5
Comestibles
 C - 5 meat rations
 M - 3 beef jerkies
 S - a royal jelly
 U - 3 slices of pizza
 X - 2 bread rations


   Skills:
 + Level 8.8 Fighting
 * Level 15.2 Maces & Flails
 + Level 8.7 Armour
 + Level 9.1 Shields
 + Level 10.6 Invocations


You had 12 spell levels left.
You didn't know any spells.

Dungeon Overview and Level Annotations

Branches:
Dungeon (9/15)             Temple (1/1) D:4            Lair (6/8) D:9
 Shoals (0/4) Lair:4       Spider (0/4) Lair:3
  Slime: Lair:6-8       Orc: D:9-12

Altars:
Ashenzari
Cheibriados
Dithmenos
Elyvilon
Fedhas
Gozag
Kikubaaqudgha
Makhleb
Nemelex Xobeh
Okawaru
Qazlal
Ru
Sif Muna
Trog
Vehumet
Xom
Yredelemnul
Zin
The Shining One

Annotations:
D:6 1 runed door
Lair:5 exclusion: oklob plant
Lair:6 Snorg


Innate Abilities, Weirdness & Mutations

You are resistant to torment.
Your stone body is resilient (AC +9).
You are immune to poison.
You resist negative energy.
You are resistant to electric shocks.
You can survive without breathing.
You are immune to petrification.
You are immune to rotting.


Message History

Snorg is severely wounded.
Snorg closely misses you. Snorg barely misses you. Snorg barely misses you.
You sock Snorg! You freeze Snorg.
Snorg is severely wounded.
Snorg bites you but does no damage. Snorg claws you but does no damage.
Snorg barely misses you.
You barely miss Snorg.
Snorg is severely wounded.
You bludgeon Snorg!! You freeze Snorg.
Snorg is almost dead.
Snorg misses you. Snorg barely misses you. Snorg claws you!
* * * LOW HITPOINT WARNING * * *
You are too injured to fight recklessly!
You are too injured to fight recklessly!
You are too injured to fight recklessly!
You are too injured to fight recklessly!
You sock Snorg! You freeze Snorg.
Snorg is almost dead.
Snorg bites you!!
You die...

..PP#P...P.....P...#
.P..................
..........^........
..............#..#
..)............#
..............## .#
..P.##.P...#..#### #.#
..#..P.#.###...#.#...#.#
..#.......#.....@T......
.##.......#....###...##P
..#...........P# ..#
.##.##...#.P..## #####
...#..###.#....######.#.##
................P...#...P#
.........................#
##P#..#..#####.P...P..#.##
## ####### ########..##


You could see Snorg (berserk).

Vanquished Creatures
  Josephine (Lair:6)
  5 hydras
  4 death yaks (Lair:3)
  Pikel (D:6)
  A griffon (Lair:4)
  5 black mambas
  A siren (Lair:4)
  6 komodo dragons (Lair:2)
  2 fire drakes
  6 spiny frogs
  2 two-headed ogres
  A merfolk (Lair:4)
  2 jumping spiders (Lair:3)
  7 blink frogs (Lair:3)
  5 polar bears
  A redback (Lair:3)
  5 wraiths (Lair:6)
  A deep elf mage (D:9)
  2 basilisks
  21 yaks
  2 hippogriffs
  Menkaure (D:6)
  5 wolves
  6 water moccasins
  7 porcupines
  4 black bears
  4 ice beasts
  2 spiders (Lair:3)
  2 phantoms
  2 sky beasts
  4 centaurs
  2 orc warriors
  8 crocodiles
  4 ogres
  11 giant frogs
  A gnoll sergeant (D:9)
  A big kobold (D:9)
  A wyvern zombie (D:7)
  3 scorpions
  2 electric eels
  7 wights
  A killer bee (D:6)
  A centaur zombie (D:8)
  3 crimson imps
  8 hounds
  A giant frog skeleton (D:7)
  2 quasits
  Crazy Yiuf (D:6)
  Ijyb (D:3)
  A jelly (D:8)
  6 orc wizards
  2 hell rats (Lair:6)
  6 iguanas
  9 sheep
  4 worker ants
  A hound zombie (D:7)
  A hound skeleton (D:7)
  10 gnolls
  12 adders
  2 shadow imps
  47 river rats
  An adder skeleton (D:4)
  2 adder zombies
  A worm (D:3)
  3 giant geckos
  31 orcs
  A ball python (D:3)
  A bat skeleton (D:5)
  7 giant cockroaches
  16 goblins
  18 hobgoblins
  24 kobolds
  5 quokkas
  12 bats
  A giant gecko skeleton (D:5)
  3 giant newts
  14 jackals
  13 rats
  A spectral orc (D:5)
  2 plants (Lair:4)
433 creatures vanquished.

Vanquished Creatures (collateral kills)
  2 merfolk (Lair:4)
2 creatures vanquished.

Vanquished Creatures (others)
  A ynoxinul (Lair:4)
  An ufetubus (Lair:4)
2 creatures vanquished.

Grand Total: 437 creatures vanquished

Notes
Turn   | Place    | Note
--------------------------------------------------------------
     0 | D:1      | mefis231 the Gargoyle Fighter began the quest for the Orb.
     0 | D:1      | Reached XP level 1. HP: 14/14 MP: 1/1
   133 | D:1      | Reached XP level 2. HP: 19/19 MP: 2/2
   615 | D:2      | Reached XP level 3. HP: 23/23 MP: 3/3
   704 | D:2      | Reached skill level 4 in Maces & Flails
   898 | D:2      | Reached XP level 4. HP: 28/28 MP: 4/4
  1292 | D:3      | Reached skill level 5 in Maces & Flails
  1292 | D:3      | Reached XP level 5. HP: 32/32 MP: 5/5
  1458 | D:3      | Found a shattered altar of Ashenzari.
  1462 | D:3      | Found a glowing silver altar of Zin.
  1510 | D:3      | Noticed Ijyb
  1555 | D:3      | Killed Ijyb
  1916 | D:3      | Reached skill level 6 in Maces & Flails
  1927 | D:3      | Reached XP level 6. HP: 28/37 MP: 6/6
  1951 | D:4      | Noticed an ogre
  1957 | D:4      | Killed an ogre
  1957 | D:4      | Reached skill level 7 in Maces & Flails
  2046 | D:4      | Found an ancient bone altar of Kikubaaqudgha.
  2118 | D:4      | Reached XP level 7. HP: 41/41 MP: 7/7
  2180 | D:4      | Got a brightly glowing scale mail
  2191 | D:4      | Identified the +8 scale mail "Cyma" {+Blink rC++ Str-2} (You found it on level 4 of the Dungeon)
  2422 | D:4      | Found a stormy altar of Qazlal.
  2559 | D:4      | Found a staircase to the Ecumenical Temple.
  2570 | Temple   | Entered the Ecumenical Temple
  2665 | Temple   | Became a worshipper of Makhleb the Destroyer
  2710 | D:5      | Entered Level 5 of the Dungeon
  2871 | D:5      | Reached skill level 8 in Maces & Flails
  2994 | D:5      | Reached skill level 1 in Invocations
  3197 | D:5      | Found a snail-covered altar of Cheibriados.
  3245 | D:5      | Reached XP level 8. HP: 41/46 MP: 9/9
  3638 | D:5      | Found a basalt altar of Yredelemnul.
  3726 | D:6      | Found a runed door.
  3726 | D:6      | Found a glowing golden altar of the Shining One.
  3726 | D:6      | Noticed an angel
  3780 | D:6      | Reached skill level 9 in Maces & Flails
  4022 | D:6      | Acquired Makhleb's first power
  4053 | D:6      | Noticed a two-headed ogre
  4066 | D:6      | Killed a two-headed ogre
  4158 | D:6      | Reached skill level 10 in Maces & Flails
  4553 | D:6      | Reached XP level 9. HP: 48/51 MP: 12/12
  4731 | D:6      | Noticed Menkaure
  4750 | D:6      | Killed Menkaure
  4750 | D:6      | Reached skill level 5 in Invocations
  4923 | D:6      | Noticed Crazy Yiuf
  4932 | D:6      | Killed Crazy Yiuf
  5082 | D:6      | Noticed Pikel
  5109 | D:6      | Killed Pikel
  5109 | D:6      | Reached skill level 11 in Maces & Flails
  5594 | D:7      | Acquired Makhleb's second power
  5641 | D:7      | Found a white marble altar of Elyvilon.
  6126 | D:7      | Reached skill level 12 in Maces & Flails
  6211 | D:7      | Reached XP level 10. HP: 56/56 MP: 15/15
  7443 | D:9      | Acquired Makhleb's third power
  7876 | D:9      | Found a staircase to the Lair.
  7974 | D:9      | Reached skill level 5 in Shields
  8243 | D:9      | Acquired Makhleb's fourth power
  8377 | D:9      | Found an iron altar of Okawaru.
  8523 | Lair:1   | Entered Level 1 of the Lair of Beasts
  8523 | Lair:1   | Noticed a six-headed hydra
  8542 | Lair:1   | Killed a six-headed hydra
  8542 | Lair:1   | Reached skill level 5 in Fighting
  8747 | Lair:1   | You fall through a shaft!
  8760 | Lair:2   | Noticed a seven-headed hydra
  8782 | Lair:2   | Killed a seven-headed hydra
  8782 | Lair:2   | Reached skill level 13 in Maces & Flails
  8782 | Lair:2   | Reached skill level 5 in Armour
  8782 | Lair:2   | Reached XP level 11. HP: 60/64 MP: 17/17
  9679 | Lair:2   | Acquired Makhleb's fifth power
 11104 | Lair:3   | Reached XP level 12. HP: 69/71 MP: 18/18
 11398 | Lair:3   | Reached skill level 14 in Maces & Flails
 11671 | Lair:3   | Noticed a death yak
 11672 | Lair:3   | Noticed a death yak
 11689 | Lair:3   | Noticed a death yak
 11691 | Lair:3   | Noticed a death yak
 11701 | Lair:3   | Killed a death yak
 11716 | Lair:3   | Killed a death yak
 11742 | Lair:3   | Killed a death yak
 11748 | Lair:3   | Killed a death yak
 11760 | Lair:3   | Found a hole to the Spider Nest.
 12499 | Lair:4   | Found a shattered altar of Ashenzari.
 12914 | Lair:4   | Found a staircase to the Shoals.
 12918 | Lair:4   | Noticed an eight-headed hydra
 12926 | Lair:4   | Killed an eight-headed hydra
 12926 | Lair:4   | Reached skill level 10 in Invocations
 13370 | Lair:5   | Reached XP level 13. HP: 75/78 MP: 20/20
 13785 | Lair:5   | Reached skill level 15 in Maces & Flails
 14141 | Lair:6   | Noticed Josephine
 14210 | Lair:6   | Killed Josephine
 14667 | Lair:6   | Noticed Snorg
 14690 | Lair:6   | Slain by Snorg

Vault maps used:
D:1:      dpeg_arrival_shelter
D:2:      first_bread, hangedman_decor_push
D:3:      grunt_temple_overflow_open, minmay_misc_feat_columns,
          kennysheep_boxes, uniq_iyjb
D:4:      kennysheep_little_box, kiku_gazebo_pond_becter,
          minmay_temple_entry_fiery
D:5:      nicolae_overflow_hidden_temple, yredelemnul_forgotten_temple_becter
D:6:      kennysheep_big_flooded_room, roderic_filled_cross, lemuel_angel_altar,
          uniq_pikel, uniq_menkaure, uniq_crazy_yiuf_cottage
D:7:      elyvilon_altar_1
D:9:      okawaru_altar_gauntlet_db, minmay_lair_entry_lava
Temple:   circular_temple_12
Lair:1:   beast_lair_carwin_large_2
Lair:2:   infiniplex_staircase_pool
Lair:3:   spider_nest_entry_funnel_web
Lair:4:   wad_woods_stonehenge, elwin_shoals_entry_stream
Lair:5:   minmay_lair_oklob_items, grunt_megastairs_4, serial_bayou_shore_b,
          serial_bayou_shore_a
Lair:6:   kennysheep_rathole, enter_volcano_4, uniq_josephine, uniq_snorg

Action                   |  1- 3 |  4- 6 |  7- 9 | 10-12 | 13-15 || total
-------------------------+-------+-------+-------+-------+-------++-------
Melee: Flail             |   158 |   230 |   478 |   467 |       ||  1333
       Whip              |       |       |   112 |       |       ||   112
       Dire flail        |       |       |       |   652 |   276 ||   928
Invok: Lesser Servant of |       |       |       |     2 |       ||     2
Evoke: Wand              |       |       |       |     4 |       ||     4
  Use: Scroll            |       |     4 |     6 |     7 |     6 ||    23
       Potion            |       |     1 |     2 |     1 |     1 ||     5
 Stab: Fleeing           |       |       |     1 |       |       ||     1
  Eat: Chunk             |       |     5 |    14 |    23 |     3 ||    45
       Beef jerky        |       |       |       |     1 |       ||     1
